 Dungeon Crawl Stone Soup version 0.28-a0-816-gb054d88 (webtiles) character file.

Game seed: 662087741036699086

2333 Sixotanaka the Frost Mage (level 9, -4/57 HPs)
             Began as a Merfolk Ice Elementalist on Nov 8, 2021.
             Was a Priest of Vehumet.
             Slain by an orc warrior (15 damage)
             ... in a bailey.
             The game lasted 00:21:56 (9481 turns).

Sixotanaka the Frost Mage (MfIE)                    Turns: 9481, Time: 00:21:57

Health: -4/57      AC: 11    Str: 14    XL:     9   Next: 42%
Magic:  8/16       EV: 15    Int: 17    God:    Vehumet [***...]
Gold:   266        SH:  0    Dex: 15    Spells: 6/18 levels left

rFire   . . .      SeeInvis .   a - +5 halberd (elec)
rCold   + . .      Faith    .   (shield currently unavailable)
rNeg    . . .      Spirit   .   A - +1 leather armour {rC+}
rPois   .          Reflect  .   (no helmet)
rElec   .          Harm     .   p - +0 cloak
rCorr   .          Rampage  .   (no gloves)
Will    .....                   (no boots)
Stlth   ++........              (no amulet)
HPRegen 0.19/turn               q - +6 ring of strength
MPRegen 0.15/turn               (no ring)

@: ice-armoured, freezing walls
A: (nimble swimmer 2), mertail
a: Renounce Religion


You were in a bailey.
You worshipped Vehumet.
Vehumet was most pleased with you.
You visited 2 branches of the dungeon, and saw 8 of its levels.
You also visited: Bailey.

You collected 266 gold pieces.

Inventory:

Hand Weapons
 a - a +5 halberd of electrocution (weapon)
 b - a +1 flail of protection
 D - a +2 whip of electrocution
Missiles
 e - 5 boomerangs of dispersal (quivered)
 n - 6 throwing nets
Armour
 p - a +0 cloak (worn)
 A - a +1 leather armour of cold resistance (worn)
Jewellery
 q - a +6 ring of strength (left hand)
Wands
 m - a wand of flame (7)
 t - a wand of mindburst (17)
 v - a wand of iceblast (23)
 x - a wand of digging (8)
 y - a wand of polymorph (9)
Scrolls
 h - a scroll of immolation {unknown}
 i - a scroll of summoning {unknown}
 j - a scroll of fog {unknown}
 l - 2 scrolls of enchant armour {unknown}
 o - 2 scrolls of magic mapping {unknown}
 z - 2 scrolls of amnesia {unknown}
 B - 6 scrolls of teleportation
 C - a scroll of torment {unknown}
Potions
 c - 2 potions of magic {unknown}
 d - 2 potions of might
 f - 3 potions of flight
 g - 2 potions of heal wounds {unknown}
 k - 3 potions of curing
 r - 3 potions of invisibility {unknown}
 s - 2 potions of haste
 u - 3 potions of mutation {unknown}
 w - a potion of brilliance {unknown}
 E - a potion of experience


   Skills:
 + Level 0.1 Polearms
 + Level 7.2 Dodging
 - Level 2.1 Stealth
 - Level 5.0 Spellcasting
 + Level 4.1 Conjurations
 + Level 10.3 Ice Magic


You had 6 spell levels left.
You knew the following spells:

 Your Spells              Type           Power      Damage    Failure   Level
a - Freeze                Ice            100%       1d11      1%          1
b - Frozen Ramparts       Ice            78%        1d9       1%          3
c - Ozocubu's Armour      Ice            39%        N/A       1%          3
d - Hailstorm             Conj/Ice       28%        3d8       2%          4
e - Magic Dart            Conj           72%        1d6       1%          1

Your spell library contained the following spells:

 Spells                   Type           Power      Damage    Failure   Level
 Mephitic Cloud           Conj/Pois/Air  8%         N/A       9%          3
 Ice Form                 Ice/Tmut       21%        N/A       22%         4
 Call Canine Familiar     Summ           4%         N/A       47%         3
 Portal Projectile        Hex/Tloc       8%         N/A       47%         3
 Leda's Liquefaction      Hex/Erth       2%         N/A       87%         4
 Simulacrum               Ice/Necr       10%        N/A       97%         6


Dungeon Overview and Level Annotations

Branches:
Dungeon (7/15)             Temple (1/1) D:4          Bailey (1/1)

Altars:
Ashenzari
Cheibriados
Dithmenos
Elyvilon
Fedhas
Gozag
Hepliaklqana
Kikubaaqudgha
Nemelex Xobeh
Okawaru
Qazlal
Ru
Sif Muna
Trog
Uskayaw
Vehumet
Wu Jian
Xom
Yredelemnul
Zin
The Shining One


Innate Abilities, Weirdness & Mutations

((You are quick and stealthy near water. (Stealth+, EV+, Speed+++)))
Your lower body shifts to a powerful aquatic tail in water.


Message History

There is an open door here.
There is an open door here.
There is an open door here.
There is an open door here.
There is an open door here.
You closely miss the orc warrior.
The orc warrior shouts!
You hear a shout!
The orc warrior hits you with a +0 dire flail.
The orc warrior hits you with a +0 dire flail!
Casting: Frozen Ramparts (safe; 1% risk of failure)
Confirm with . or Enter, or press ? or * to list all spells.
Casting: Frozen Ramparts (safe; 1% risk of failure)
Press: ? - help, Dir - look around, f - activate The walls around you are covered in ice.
The wall freezes the orc warrior.
The orc warrior hits you with a +0 dire flail!
Casting: Frozen Ramparts (safe; 1% risk of failure)
Confirm with . or Enter, or press ? or * to list all spells.
A film of ice covers your body!
The wall freezes the orc warrior!
The orc warrior completely misses you.
Casting: Ozocubu's Armour (safe; 1% risk of failure)
Confirm with . or Enter, or press ? or * to list all spells.
Aiming: Freeze (safe; 1% risk of failure)
Press: ? - help, Shift-Dir - straight line, f - orc warrior
Aim: an orc warrior, wielding a +0 dire flail and wearing a +0 plate armour (moderately wounded)
You freeze the orc warrior.
The orc warrior is heavily wounded.
The wall freezes the orc warrior.
The orc warrior hits you with a +0 dire flail!
* * * LOW HITPOINT WARNING * * *
Casting: Freeze (safe; 1% risk of failure)
Confirm with . or Enter, or press ? or * to list all spells.
Aiming: Freeze (safe; 1% risk of failure)
Press: ? - help, Shift-Dir - straight line, f/p - orc warrior
Aim: an orc warrior, wielding a +0 dire flail and wearing a +0 plate armour (heavily wounded)
You freeze the orc warrior.
The orc warrior is heavily wounded.
The wall freezes the orc warrior!
The orc warrior hits you with a +0 dire flail!
You die...

##### ### ###
#.'.###.###.#
#'###'##'##'##
##o....## ###@....###
#.'..⌠..'.# g.
###...).### .o#
##...()##
#'###'##'##'##
#g#.###.###)# ### ###
##### ### #'#
#.###.###)#.# #.###.#
##'##'##'###'##'##'##


You could see an orc warrior.

Vanquished Creatures
  Pikel (D:5)
  A water moccasin (D:7)
  2 black bears (D:6)
  3 ogres
  A centaur (D:7)
  A bullfrog (D:5)
  A kobold brigand (D:5)
  A scorpion (D:5)
  A water moccasin skeleton (D:5)
  A wight (D:6)
  4 howler monkeys
  A centaur zombie (D:6)
  A bullfrog skeleton (D:6)
  A centaur skeleton (D:5)
  An iguana (D:5)
  3 orc wizards (D:5)
  A killer bee zombie (D:6)
  36 gnolls
  3 adders
  A white imp (D:7)
  An ufetubus (D:5)
  2 worms (D:3)
  7 dart slugs
  30 orcs
  5 bats
  An endoplasm (D:2)
  4 giant cockroaches
  12 hobgoblins
  11 jackals (D:5)
  3 quokkas
  4 ball pythons
  10 frilled lizards
  8 goblins
  17 kobolds
  3 rats
183 creatures vanquished.

Vanquished Creatures (others)
  9 plants
9 creatures vanquished.

Grand Total: 192 creatures vanquished

Notes
Turn   | Place    | Note
-------+----------+-------------------------------------------
     0 | D:1      | Sixotanaka the Merfolk Ice Elementalist began the quest for
                  | the Orb.
     0 | D:1      | Reached XP level 1. HP: 13/13 MP: 3/3
   964 | D:1      | Reached XP level 2. HP: 19/19 MP: 5/5
  1151 | D:2      | Reached skill level 5 in Ice Magic
  1930 | D:2      | Reached XP level 3. HP: 24/24 MP: 3/6
  2174 | D:2      | Found an opulent altar of Gozag.
  2302 | D:2      | Found a faded altar of an unknown god.
  2498 | D:3      | Learned a level 3 spell: Frozen Ramparts
  2612 | D:3      | Reached skill level 6 in Ice Magic
  2664 | D:3      | Noticed an ogre
  2740 | D:3      | Noticed a scorpion
  2769 | D:3      | Reached XP level 4. HP: 28/30 MP: 4/7
  2775 | D:3      | Learned a level 3 spell: Ozocubu's Armour
  3555 | D:3      | Reached XP level 5. HP: 35/35 MP: 6/8
  3698 | D:4      | Found a staircase to the Ecumenical Temple.
  3709 | Temple   | Entered the Ecumenical Temple
  3956 | Temple   | Became a worshipper of Vehumet
  4066 | D:4      | Noticed an ogre
  4078 | D:4      | Killed an ogre
  4079 | D:4      | Reached skill level 7 in Ice Magic
  4265 | D:4      | Noticed an ogre
  4286 | D:4      | Killed an ogre
  4287 | D:4      | Reached XP level 6. HP: 12/41 MP: 0/10
  5159 | D:5      | Entered Level 5 of the Dungeon
  5337 | D:5      | Reached skill level 8 in Ice Magic
  5337 | D:5      | Reached XP level 7. HP: 36/46 MP: 6/12
  6252 | D:5      | Reached * piety under Vehumet
  6252 | D:5      | Offered knowledge of Magic Dart by Vehumet.
  6364 | D:5      | Learned a level 4 spell: Hailstorm
  6366 | D:5      | Learned a level 1 spell: Magic Dart
  6956 | D:5      | Reached XP level 8. HP: 52/52 MP: 7/15
  6962 | D:5      | Reached skill level 5 in Spellcasting
  6962 | D:5      | Reached skill level 1 in Conjurations
  7275 | D:5      | Noticed Pikel
  7278 | D:5      | Offered knowledge of Sandblast by Vehumet.
  7279 | D:5      | Reached skill level 9 in Ice Magic
  7286 | D:5      | Killed Pikel
  7287 | D:5      | Reached skill level 5 in Dodging
  7412 | D:5      | Reached ** piety under Vehumet
  7820 | D:5      | Reached XP level 9. HP: 47/57 MP: 13/16
  7877 | D:6      | Found a broken altar of Ashenzari.
  7877 | D:6      | Found an ornate altar of the Wu Jian Council.
  7877 | D:6      | Found an opulent altar of Gozag.
  7878 | D:6      | Found a sparkling altar of Nemelex Xobeh.
  7880 | D:6      | Found a shimmering blue altar of Sif Muna.
  8011 | D:6      | Identified the +0 arbalest "Ofumoel" {elec, rN+ Int+6}
  8061 | D:6      | Reached skill level 10 in Ice Magic
  8232 | D:6      | Found a white marble altar of Elyvilon.
  8576 | D:6      | Found a basalt altar of Yredelemnul.
  8884 | D:7      | Found an ancient bone altar of Kikubaaqudgha.
  8961 | D:7      | Found a flagged portal.
  8983 | Bailey   | Entered a bailey
  9134 | Bailey   | Offered knowledge of Mephitic Cloud by Vehumet.
  9213 | Bailey   | Reached *** piety under Vehumet
  9481 | Bailey   | Slain by an orc warrior

Illustrated notes

Levels and vault maps discovered:
D:1:      amcnicky_arrival_double_pillar, layout_basic, minivault_25
D:2:      layout_rooms, basic_altar, hellmonk_ecumenical_altar_crossroads,
          roderic_roman_lattice
D:3:      layout_basic, minmay_misc_feat_tower, minmay_lizard_king
D:4:      layout_loops_corners, minmay_temple_entry_tees
D:5:      lemuel_castle_with_subvaults [lemuel_castle_interior_carwin_1],
          layout_basic, uniq_pikel
D:6:      layout_basic, kennysheep_ying_yang, grunt_temple_overflow_open,
          serial_bayou_pond_a, minivault_19
D:7:      layout_basic, nicolae_kikubaaqudgha_miasma_corner, enter_bailey_5,
          minmay_small_thing, uniq_maggie
Temple:   oiseaux_autumnal_temple
Bailey:   bailey_axe_2, bailey

Skill      XL: |  1  2  3  4  5  6  7  8  9 |
---------------+----------------------------+-----
Ice Magic      | 5 6 7 8 9 10 | 10.3
Spellcasting   | 3 4 5 |  5.0
Dodging        | 3 5 7 |  7.2
Conjurations   | 3 4 |  4.1
Polearms       | |  0.1
Stealth        | |  2.1

Action                   |  1- 3 |  4- 6 |  7- 9 || total
-------------------------+-------+-------+-------++-------
Melee: Short sword       |    21 |     5 |       ||    26
       Unarmed           |     1 |       |       ||     1
       Spear             |       |    37 |    75 ||   112
       Tailslap          |       |       |     2 ||     2
       Whip              |       |       |    71 ||    71
       Halberd           |       |       |     4 ||     4
       Flail             |       |       |     1 ||     1
 Cast: Freeze            |    45 |    32 |    77 ||   154
       Frozen Ramparts   |       |    12 |    39 ||    51
       Ozocubu's Armour  |       |     3 |    30 ||    33
       Magic Dart        |       |       |    13 ||    13
       Hailstorm         |       |       |     1 ||     1
  Use: Scroll            |     2 |     6 |     3 ||    11
 Stab: Sleeping          |     4 |     3 |     2 ||     9
       Distracted        |       |     1 |     1 ||     2
Armor: Robe              |     7 |     4 |       ||    11
       Leather armour    |       |     6 |    55 ||    61
Dodge: Dodged            |    31 |    28 |   153 ||   212

Table legend: (Time is in decaauts)
 A = Elapsed time spent in this place.
 B = Non-inter-level travel time spent in this place.
 C = Inter-level travel time spent in this place.
 D = Time resting spent in this place.
 E = Time spent auto-exploring this place.
 F = Levels seen in this place.
 G = Mean time per level.
                   A        B        C        D        E       F      G
               +--------+--------+--------+--------+--------+-----+--------+
         Total |   9392 |   9020 |    372 |   2917 |   4296 |   9 | 1043.6 |
       Dungeon |   8647 |   8304 |    343 |   2645 |   4051 |   7 | 1235.3 |
        Temple |    246 |    217 |     29 |      0 |    203 |   1 |  246.0 |
        Bailey |    498 |    498 |      0 |    272 |     42 |   1 |  498.0 |
               +--------+--------+--------+--------+--------+-----+--------+

Top non-repeatable levels by time:
     D:5: 2651 daAuts
     D:1: 1398 daAuts
     D:4: 1241 daAuts
     D:3: 1147 daAuts
     D:2: 1099 daAuts
     D:6: 930 daAuts
  Bailey: 498 daAuts
  Temple: 246 daAuts
     D:7: 179 daAuts
